Map: Triton LE

Players

Clem - Winner!

  • Race: Terran Terran
  • Spawn Location: 5:00

Shyrshadi

  • Race: Protoss Protoss
  • League: Master
  • Spawn Location: 11:00

VOD

Have the link to the VOD?

Description

Time

  • Played on: Sept. 6, 2019, 12:12 p.m.
  • Length: 6:44
Show
View Real Time Build Order
Export as new Build Order

Clem Terran - Winner!

Build Orders: Reaper Expand 

Get SALT Encoding   

  12  0:00  SCV  
  13  0:12  SCV  
  14  0:17  Supply Depot  
  14  0:24  SCV  
  15  0:38  SCV  
  15  0:39  Barracks  
  16  0:43  Refinery  
  16  0:50  SCV  
  17  1:02  SCV  
  18  1:15  SCV  
  19  1:27  Orbital Command, Reaper  
  20  1:40  Command Center  
  20  1:48  Supply Depot  
  20  1:53  SCV  
  21  1:59  Marine  
  22  2:05  Factory  
  22  2:10  SCV  
  23  2:16  Refinery  
  23  2:20  Barracks Reactor  
  23  2:22  SCV  
  24  2:34  SCV  
  25  2:46  SCV  
  25  2:50  Starport  
  26  2:52  Orbital Command  
  26  2:54  Widow Mine  
  26  2:56  Marine x2  
  26  2:58  SCV  
  31  3:10  SCV  
  31  3:11  Barracks  
  32  3:14  Marine x2  
  32  3:15  Widow Mine  
  32  3:18  SCV  
  37  3:22  SCV  
  37  3:25  Supply Depot  
  38  3:28  Medivac  
  38  3:31  SCV  
  41  3:35  SCV  
  41  3:37  Marine x2  
  41  3:40  Factory Tech Lab  
  44  3:44  Engineering Bay  
  44  3:47  SCV  
  44  3:48  SCV  
  46  3:57  Barracks  
  46  3:59  SCV  
  46  4:00  SCV  
  48  4:05  Marine x2  
  48  4:07  Starport Reactor  
  50  4:11  SCV  
  50  4:12  Supply Depot, Factory Tech Lab  
  50  4:14  Stimpack  
  51  4:18  Terran Infantry Weapons Level 1  
  51  4:19  SCV  
  51  4:24  Marine x2  
  51  4:25  Refinery  
  51  4:27  SCV  
  54  4:34  Marauder  
  54  4:35  Supply Depot  
  54  4:38  Factory Reactor  
  56  4:39  SCV x2  
  58  4:46  Marine  
  58  4:51  Supply Depot, SCV x2  
  61  4:53  Combat Shield  
  61  4:57  Marauder  
  61  4:59  Marine  
  60  5:00  Marauder  
  60  5:03  SCV x2  
  60  5:09  Marine  
  57  5:15  SCV x2  
  58  5:24  Widow Mine x2  
  58  5:27  SCV  
  58  5:28  SCV  
  64  5:32  Medivac  
  64  5:34  Medivac  
  68  5:37  Marine x2  
  68  5:39  SCV  
  68  5:40  Supply Depot, SCV  
  72  5:45  Refinery  
  72  5:46  Marauder  
  76  5:50  Marauder  
  76  5:52  SCV x2  
  76  5:54  Supply Depot  
  78  6:02  Widow Mine x2  
  78  6:04  SCV x2  
  84  6:06  Supply Depot  
  84  6:09  Marine x2  
  86  6:16  Marauder, SCV x2  
  90  6:21  Supply Depot  
  90  6:22  Marine  
  91  6:28  SCV x2  
Show
View Real Time Build Order
Export as new Build Order

Shyrshadi Protoss 

Build Orders: 1 Gate Expand, Colossus Rush 

Get SALT Encoding   

  12  0:01  Probe  
  13  0:13  Probe  
  14  0:20  Pylon  
  14  0:24  Probe  
  15  0:34  Probe  
  15  0:41  Gateway  
  15  0:42  Probe  
  16  0:47  Assimilator  
  17  0:53  Probe  
  18  1:05  Probe  
  19  1:18  Probe  
  20  1:24  Nexus  
  20  1:32  Cybernetics Core  
  20  1:36  Probe  
  21  1:40  Assimilator  
  21  1:49  Pylon, Probe  
  22  2:00  Adept  
  22  2:01  Probe  
  23  2:10  Warp Gate  
  23  2:14  Probe  
  26  2:26  Probe  
  26  2:30  Robotics Facility  
  26  2:32  Stalker  
  26  2:33  Probe  
  26  2:34  Probe  
  29  2:41  Probe  
  29  2:42  Probe  
  32  2:51  Probe  
  32  2:52  Probe  
  34  3:03  Probe  
  34  3:04  Probe  
  36  3:13  Gateway  
  36  3:14  Gateway  
  36  3:15  Probe  
  36  3:16  Probe  
  38  3:21  Warp Prism  
  38  3:26  Pylon  
  40  3:34  Probe x2  
  42  3:38  Pylon  
  42  3:46  Probe x2  
  44  4:01  Robotics Bay  
  44  4:07  Stalker  
  44  4:08  Stalker x2  
  50  4:14  Probe x2  
  50  4:15  Assimilator  
  50  4:16  Assimilator  
  52  4:33  Stalker x3  
  52  4:36  Pylon  
  58  4:41  Probe  
  58  4:42  Probe  
  51  4:53  Probe  
  51  4:54  Probe  
  51  4:57  Stalker x3  
  57  5:06  Probe  
  50  5:13  Probe  
  47  5:18  Probe  
  47  5:20  Stalker x3  
  46  5:24  Probe  
  46  5:27  Probe  
  44  5:32  Probe  
  44  5:35  Probe  
  45  5:38  Colossus  
  45  5:40  Probe  
  47  5:44  Probe  
  55  5:51  Probe  
  55  5:53  Stalker  
  58  6:06  Sentry x2  
  58  6:10  Probe x2  
  64  6:22  Probe x2  
  66  6:28  Pylon  
  66  6:30  Pylon  
  66  6:31  Stalker x2  
Tags
 
Add a new tag
Caveats
  • Supply blocks, unpowered buildings, or Contaminate may cause inaccurate times.
  • Supply counts are checked every 10 seconds.